[Event "*** SCC Grand Prix: Titled Tuesday Blitz"]
[Site "Chess.com"]
[Date "2020.08.25"]
[Round "1"]
[White "Azoulas1"]
[Black "nickmatta"]
[Result "0-1"]
[WhiteElo "1963"]
[BlackElo "2471"]
[TimeControl "180+1"]
[EndTime "10:07:42 PDT"]
[Termination "nickmatta won on time"]

1. e4 e5 2. Nf3 Nc6 3. Bb5 a6 4. Ba4 Nf6 5. O-O Be7 6. Re1 b5 7. Bb3 O-O 8. h3 d6 9. c3 Bb7 10. Bc2 Re8 11. d4 Bf8 12. Nbd2 g6 13. Nf1 exd4 14.
cxd4 Nb4 15. Ng3 Nxc2 16. Qxc2 c5 17. dxc5 dxc5 18. Bg5 h6 19. Bf4 Qb6 20. Rad1 Rad8 21. Qc1 Kh7 22. Qc2 Rxd1 23. Rxd1 Nxe4 24. Ne5 Qf6 25. Qc1 Rxe5 26. Bxe5 Qxe5 27. Nxe4 Qxe4 28. f3 Qe6 29. b3 c4 30. Qd2 cxb3 31. axb3 Qxb3 32.
Qd7 Bc8 33. Qd8 Be6 34. Rd3 Bc5+ 35. Kh2 Qc4 36. Rd1 a5 37. Qxa5 Qf4+ 38. Kh1 Bxh3 39. Qxb5 Qg3 40. Qf1 Be6 41. Qe1 Bf2 42. Qe4 h5 43.
Rd8 Bb6 44. Rf8 Qe1+ 0-1

[Event "*** SCC Grand Prix: Titled Tuesday Blitz"]
[Site "Chess.com"]
[Date "2020.08.25"]
[Round "1"]
[White "Chessbard1972"]
[Black "Sychev_Klementy"]
[Result "0-1"]
[WhiteElo "2402"]
[BlackElo "2772"]
[TimeControl "180+1"]
[EndTime "10:07:43 PDT"]
[Termination "Sychev_Klementy won by resignation"]

1. e4 c5 2. d4 cxd4 3. c3 dxc3 4. Nxc3 Nc6 5. Bc4 e6 6. Bf4 a6 7. Nf3 Nge7 8. Bd6 Ng6 9. Bxf8 Nxf8 10. O-O Ng6 11. Qe2 Qc7 12. Rac1 O-O 13. Rfd1 Rd8 14.
Bb3 Qf4 15. g3 Qf6 16. h4 b5 17. h5 Nge5 18. Nxe5 Qxe5 19. f4 Qc5+ 20. Qf2 Qxh5 21. Kg2 Bb7 22. Rh1 Qg6 23. Bc2 f5 24. Kg1 Ne7 25. Re1 Rac8 26. a3 h6 27. Rh2 fxe4 28. Nxe4 Nf5 29. Rh3 Qg4 30. Kh2 Rxc2 31. Qxc2 Nd4 32.
Qd1 Nf3+ 33. Kg2 Nxe1+ 34. Qxe1 Qf5 35. Kf3 Qxh3 36. Qd2 Qf5 37. Qe2 Qxe4+ 38. Qxe4 Bxe4+ 39. Kxe4 Kf7 40. g4 Rc8 41. Ke5 g6 42. Kd6 Rc2 43. Kxd7 h5 44. gxh5 gxh5 45. b4 h4 46. Kd6 h3 47. f5 exf5 48. Ke5 h2 49. Kxf5 h1=Q 50. Ke5 Re2+ 51. Kd6 Qd1+ 52. Kc5 Re5+ 53. Kc6 Qd5+ 54. Kc7 Re7+ 55. Kb6 Qd6+ 0-1

[Event "*** SCC Grand Prix: Titled Tuesday Blitz"]
[Site "Chess.com"]
[Date "2020.08.25"]
[Round "1"]
[White "okriak"]
[Black "MarceloPlaya"]
[Result "1-0"]
[WhiteElo "2727"]
[BlackElo "2382"]
[TimeControl "180+1"]
[EndTime "10:07:43 PDT"]
[Termination "okriak won by resignation"]

1. Nf3 e6 2. c4 Nf6 3. g3 d5 4. Bg2 c5 5. cxd5 exd5 6. d4 Nc6 7. O-O cxd4 8. Nxd4 Bc5 9. Be3 Nxd4 10. Bxd4 Bxd4 11. Qxd4 O-O 12. Nc3 Be6 13. Rfd1 Re8 14. e3 Qa5 15. b4 Qa6 16. Nxd5 Nxd5 17. Bxd5 Bxd5 18. Qxd5 h6 19. Rac1 Re7 20. Qa5 Qf6 21. b5 a6 22. a4 Rae8 23. Qb4 axb5 24. axb5 Qf3 25. Qd4 Re4 26. Qd5 b6 27.
Rd2 Rxe3 28. Qxf3 Rxf3 29. Rc6 Rf6 30. Rxf6 gxf6 31. Rd5 Re5 32. Rxe5 fxe5 33. g4 Kg7 34. Kg2 Kf6 35. Kf3 Ke6 36. Ke4 Kd6 37. Kf5 Kc5 38. h4 Kxb5 39. g5 hxg5 40. Kxg5 Kc4 41. h5 b5 42. h6 b4 43. h7 b3 44. h8=Q b2 45. Qb8 Kc3 46. Qxe5+ Kc2 47. Qe4+ Kc1 48. Qc4+ 1-0

[Event "*** SCC Grand Prix: Titled Tuesday Blitz"]
[Site "Chess.com"]
[Date "2020.08.25"]
[Round "1"]
[White "albano87"]
[Black "Belka1989"]
[Result "1-0"]
[WhiteElo "2559"]
[BlackElo "2232"]
[TimeControl "180+1"]
[EndTime "10:07:43 PDT"]
[Termination "albano87 won by checkmate"]

1. e4 e5 2. d4 exd4 3. Qxd4 Nc6 4. Qe3 Nf6 5. Nc3 Bb4 6. Bd2 O-O 7. O-O-O Re8 8. f3 d5 9. Qf2 dxe4 10. Bg5 Bd7 11. Nd5 e3 12. Qh4 Be7 13. Nxf6+ Bxf6 14. Bxf6 gxf6 15. Bd3 f5 16. Qg3+ Kh8 17. Bxf5 Bxf5 18.
Rxd8 Raxd8 19. Ne2 Rd2 20. Qg5 Bg6 21. Nf4 Rxc2+ 22. Kb1 Rd2+ 23. Nxg6+ hxg6 24. Re1 Rd3 25. a3 e2 26. Qh4+ Kg8 27. Kc2 Rde3 28. Qf4 R8e5 29. h4 Ne7 30. h5 Nd5 31. Qh4 g5 32. Qg4 Nf4 33. Qc8+ Kg7 34. h6+ Kxh6 35. Qh8+ Kg6 36. Qg8+ Kf6 37. Qd8+ Kg7 38. Rh1 Ng6 39. Re1 Rc5+ 40.
Kb1 Rce5 41. Qd4 c5 42. Qd2 b6 43. g3 Ne7 44. f4 gxf4 45. gxf4 R5e4 46. Rg1+ Kf8 47.
Qd8# 1-0

[Event "*** SCC Grand Prix: Titled Tuesday Blitz"]
[Site "Chess.com"]
[Date "2020.08.25"]
[Round "1"]
[White "shanemelaughcm"]
[Black "Artyom_ChessMate"]
[Result "0-1"]
[WhiteElo "2217"]
[BlackElo "2550"]
[TimeControl "180+1"]
[EndTime "10:07:43 PDT"]
[Termination "Artyom_ChessMate won on time"]

1. e4 c5 2. c4 d6 3. Nc3 Nf6 4. g3 g6 5. Bg2 Bg7 6. Nge2 O-O 7. O-O Nc6 8. a3 Rb8 9. Rb1 a5 10. d3 Bd7 11. f4 Nd4 12. a4 Nc6 13. h3 Nb4 14. g4 Bc6 15. b3 Qc7 16. Bb2 Rbd8 17. Ng3 e6 18. g5 Nd7 19. f5 Bd4+ 20. Kh2 Ne5 21. Nb5 Bxb5 22. axb5 Nbxd3 23. Bxd4 cxd4 24. Qd2 b6 25. Rbd1 Nc5 26. Qxd4 Nxb3 27. Qe3 a4 28. f6 Nxc4 29. Qf4 Kh8 30. Rf3 Qc5 31. Rc3 Qe5 32.
Qf2 d5 33. Rcd3 Nc5 34. Rd4 a3 35. exd5 exd5 36. Rxd5 Rxd5 37. Rxd5 Qb2 38. Qf4 Ne6 39. Qh4 Ne3 0-1

[Event "*** SCC Grand Prix: Titled Tuesday Blitz"]
[Site "Chess.com"]
[Date "2020.08.25"]
[Round "1"]
[White "gusmaster2262"]
[Black "Beltraxtor"]
[Result "0-1"]
[WhiteElo "2191"]
[BlackElo "2522"]
[TimeControl "180+1"]
[EndTime "10:07:43 PDT"]
[Termination "Beltraxtor won on time"]

1. Nf3 d5 2. g3 c6 3. Bg2 Bf5 4. O-O e6 5. d3 Nf6 6. Nbd2 h6 7. Qe1 Be7 8. e4 Bh7 9. a3 O-O 10. Qe2 c5 11. Ne5 Nc6 12. f4 Nd4 13. Qd1 Nd7 14. Nxd7 Qxd7 15. c3 Nc6 16. Nf3 dxe4 17. dxe4 Qxd1 18. Rxd1 Bxe4 19. Be3 Rfd8 20. Kf2 Kf8 21. b4 cxb4 22. axb4 a6 23. Bb6 Rxd1 24. Rxd1 Ke8 25. Ke3 Bd5 26. Bf1 Rc8 27. b5 axb5 28.
Bxb5 Kf8 29. Nd2 e5 30. f5 f6 31. c4 Bf7 32. Ne4 Ra8 33. Rd7 Ra3+ 34. Ke2 Bh5+ 35. Kf1 Ra1+ 36. Kf2 Ra2+ 37. Ke3 Ra3+ 38. Kd2 Bf3 39. Nc3 Bb4 40. Rd3 e4 41. Bxc6 exd3 0-1

[Event "*** SCC Grand Prix: Titled Tuesday Blitz"]
[Site "Chess.com"]
[Date "2020.08.25"]
[Round "1"]
[White "Euge_chess"]
[Black "AlexSuv"]
[Result "0-1"]
[WhiteElo "2063"]
[BlackElo "2487"]
[TimeControl "180+1"]
[EndTime "10:07:43 PDT"]
[Termination "AlexSuv won on time"]

1. e4 c5 2. c3 Nf6 3. e5 Nd5 4.
g3 Nc6 5. Bg2 e6 6. Nf3 d6 7.
exd6 Bxd6 8. O-O O-O 9. d4 cxd4 10. Nxd4 Bd7 11. Nb5 Bb8 12. N1a3 a6 13. Nd4 Qf6 14. Nc4 Nxd4 15. Qxd4 Qxd4 16. cxd4 Ba7 17. Ne5 Bb5 18. Rd1 Rac8 19. a4 Be2 20. Re1 Bh5 21.
g4 Bg6 22. Nxg6 hxg6 23. Bxd5 exd5 24. Be3 Rc2 25. b4 Rc4 26. b5 axb5 27. axb5 Bxd4 28. Rad1 Bxe3 29. Rxe3 Rxg4+ 30. Kf1 d4 31. Re7 Rb8 32. Rd7 Rg5 33. Rb1 Rh5 34. Kg2 Rg5+ 35. Kf3 Rc8 36.
Rxd4 Rcc5 37. b6 Rb5 38. Rc1 Rxb6 39. Rd8+ Kh7 40. Rd7 Rf5+ 41. Kg3 Rb3+ 42. Kg2 Rb2 43. Rc3 Rbxf2+ 44. Kg1 g5 45. Rxb7 g4 46. Rc4 R2f4 47.
Rc3 g5 0-1

[Event "*** SCC Grand Prix: Titled Tuesday Blitz"]
[Site "Chess.com"]
[Date "2020.08.25"]
[Round "1"]
[White "Mazetovic"]
[Black "Tssunami"]
[Result "1-0"]
[WhiteElo "2678"]
[BlackElo "2348"]
[TimeControl "180+1"]
[EndTime "10:07:44 PDT"]
[Termination "Mazetovic won by resignation"]

1. e4 c6 2. d4 d5 3. e5 Bf5 4. Nf3 e6 5. Be2 Nd7 6. O-O c5 7. c4 Ne7 8. Nc3 cxd4 9. Nxd4 Nxe5 10. Nxf5 Nxf5 11. cxd5 Bd6 12. Bb5+ Kf8 13. dxe6 fxe6 14. Ne4 Be7 15. Ba4 Qxd1 16. Rxd1 Rd8 17. Bf4 Nc4 18.
Rxd8+ Bxd8 19. Rd1 Kf7 20. Bb3 b5 21. Rd7+ Be7 22. g4 Nh4 23. Kf1 Rd8 24. Rxe7+ Kxe7 25. Bg5+ Ke8 26. Bxh4 Rd4 27. f3 Nd2+ 28. Ke2 Nxb3 29. axb3 e5 30. Be1 Ke7 31. Bc3 Rd5 32. b4 h6 33. h4 Ke6 34. h5 Rd8 35. Ng3 Rd7 36. Nf5 Rc7 37. Ke3 Kd5 38. f4 exf4+ 39. Kxf4 Rc4+ 40.
Kf3 Rc7 41. Bxg7 Kc4 42. Bc3 a5 43. bxa5 b4 44. Bd2 Rc6 45. Bxh6 Ra6 46. Bg7 Rxa5 47.
h6 Ra8 48. h7 Kd3 49. h8=Q Rxh8 50. Bxh8 1-0

[Event "*** SCC Grand Prix: Titled Tuesday Blitz"]
[Site "Chess.com"]
[Date "2020.08.25"]
[Round "1"]
[White "Nf3c5"]
[Black "MarcoCorvi"]
[Result "1-0"]
[WhiteElo "2552"]
[BlackElo "2218"]
[TimeControl "180+1"]
[EndTime "10:07:44 PDT"]
[Termination "Nf3c5 won on time"]

1. d4 f5 2. g3 Nf6 3. Bg2 d6 4. Nc3 c6 5. e4 e5 6. dxe5 dxe5 7.
Qxd8+ Kxd8 8. Nf3 Bd6 9. Be3 Kc7 10. h3 h6 11. exf5 Bxf5 12. O-O-O Na6 13. a3 Rad8 14.
Nd2 Rhe8 15. Nc4 Bc5 16. b4 Bxe3+ 17. Nxe3 Bh7 18. g4 Kc8 19. Nc4 Kc7 20. Rhe1 Rxd1+ 21. Nxd1 e4 22. Nc3 b5 23. Nd2 Kb6 24. Ndxe4 c5 25.
Re3 Nxe4 26. Bxe4 Bxe4 27. Nxe4 cxb4 28. axb4 Nxb4 29. Kd2 Nd5 30. Re1 Nf4 31. h4 Rd8+ 32. Kc1 Nd5 33. Ng3 Nc3 34. Nf5 Rd7 35. Re6+ Kc5 36. Kb2 b4 37. Ne3 a5 38. Re5+ Kd4 39. Rxa5 Ke4 40. Rf5 Ne2 41. Nc4 Nd4 42. Re5+ Kf4 43.
Re3 Nf3 44. Ne5 Ra7 45. Nxf3 1-0

[Event "*** SCC Grand Prix: Titled Tuesday Blitz"]
[Site "Chess.com"]
[Date "2020.08.25"]
[Round "1"]
[White "nitpicker"]
[Black "Keithonsky"]
[Result "0-1"]
[WhiteElo "2216"]
[BlackElo "2547"]
[TimeControl "180+1"]
[EndTime "10:07:44 PDT"]
[Termination "Keithonsky won on time"]

1. d4 d5 2. c4 e6 3. Nf3 a6 4.
cxd5 exd5 5. Nc3 Nf6 6. Bf4 Be6 7. e3 Bd6 8. Bg3 O-O 9. Bd3 h6 10. O-O Bxg3 11. hxg3 Nbd7 12. Qc2 c5 13. dxc5 Nxc5 14. Be2 Rc8 15. Rac1 Nce4 16. Nd4 Bd7 17. Rfd1 Nxc3 18. bxc3 b5 19. Bd3 Bg4 20. Re1 Qa5 21. Qb3 Rfd8 22. f3 Bd7 23. Bf5 Qc7 24. Kf2 g6 25. Bd3 Kg7 26. g4 Qe5 27. Qb1 Rc7 28. Rc2 Rdc8 29. Qc1 h5 30. gxh5 Nxh5 31. f4 Qf6 32. g3 Bg4 33. e4 Rxc3 34. e5 Qb6 35.
Qe3 Rxc2+ 36. Bxc2 Rc4 37. Nf5+ Bxf5 38. Qxb6 Rxc2+ 39. Kf3 Be4+ 40. Rxe4 dxe4+ 41. Kxe4 Nxg3+ 42. Kf3 Nf5 43. Qf6+ Kg8 44. Qxa6 Rc4 45. Ke2 Rxf4 46. Kd2 Rd4+ 47. Kc3 Rc4+ 48. Kb2 Rc5 49. e6 Rc7 50. exf7+ Kxf7 51. Qxb5 Re7 52. Qd5+ Kf6 53. a4 Re2+ 54. Kc3 Re5 55. Qc6+ Re6 56. Qd7 Re3+ 57. Kb4 Re4+ 58. Kb5 Re5+ 0-1

[Event "*** SCC Grand Prix: Titled Tuesday Blitz"]
[Site "Chess.com"]
[Date "2020.08.25"]
[Round "1"]
[White "Artooooo"]
[Black "allvim"]
[Result "1-0"]
[WhiteElo "2793"]
[BlackElo "2404"]
[TimeControl "180+1"]
[EndTime "10:07:47 PDT"]
[Termination "Artooooo won by checkmate"]

1. b3 Nf6 2. Bb2 e6 3. Nf3 b6 4. e3 Bb7 5. d4 Be7 6. Nbd2 O-O 7.
Bd3 d6 8. O-O c5 9. a4 Nc6 10.
c3 Rc8 11. Qe2 Qc7 12. Rfd1 Rfd8 13. Rac1 Qb8 14. h3 Qa8 15. Ba6 h6 16. Bxb7 Qxb7 17. c4 Nb4 18. e4 cxd4 19. Nxd4 a6 20. Ba3 Nc6 21. Nxc6 Rxc6 22. Nf3 Rcc8 23. Re1 Nd7 24. Bb2 Bf6 25. Bxf6 Nxf6 26. Rcd1 d5 27. cxd5 exd5 28. e5 Ne4 29. Rd3 Re8 30. Qe3 Rc2 31. Re2 Rec8 32. Kh2 Qc6 33. Nd4 Rxe2 34. Qxe2 Qc7 35. f4 Qc1 36. Qg4 Nf2 37. Qf3 Nxd3 38. Qxd3 Qc3 39.
Qf5 Re8 40. Qd7 Rf8 41. Nf5 d4 42. e6 fxe6 43. Qxg7# 1-0

[Event "*** SCC Grand Prix: Titled Tuesday Blitz"]
[Site "Chess.com"]
[Date "2020.08.25"]
[Round "1"]
[White "annamaja"]
[Black "olksuna"]
[Result "0-1"]
[WhiteElo "2277"]
[BlackElo "2612"]
[TimeControl "180+1"]
[EndTime "10:07:47 PDT"]
[Termination "olksuna won by checkmate"]

1. e4 d6 2. d4 Nf6 3. Nc3 c6 4. Nf3 Bg4 5. Be2 e6 6. h3 Bh5 7. Be3 d5 8. e5 Nfd7 9. Qd2 c5 10. O-O Nc6 11. g4 Bg6 12. Nd1 Be7 13. c3 O-O 14.
Bd3 Bxd3 15. Qxd3 f6 16. exf6 Bxf6 17. Kg2 Qb6 18. dxc5 Nxc5 19. Qe2 a5 20. Bxc5 Qxc5 21. Qxe6+ Kh8 22. Ne3 d4 23. cxd4 Nxd4 24. Nxd4 Bxd4 25. Nf5 Bxb2 26. Rab1 Rae8 27. Qd7 Qc3 28. Qxb7 Rb8 29.
Qd7 g6 30. Nd6 Qf3+ 31. Kg1 a4 32. Nc4 a3 33. Nxb2 axb2 34. Qd4+ Qf6 35. Rfd1 Qxd4 36.
Rxd4 Rfc8 37. Rdd1 Rc2 38. a4 Ra8 39. Kg2 Rxa4 40. Rd8+ Kg7 41. Rb8 Ra2 42. g5 Kf7 43. Rb7+ Ke6 44. Kg3 Kd6 45. f4 Kc6 46. Rb8 Kc7 47.
Rb4 Kd6 48. Kg4 Rg2+ 49. Kf3 Rh2 50. Kg3 Rc2 51. h4 Kc5 52. Rb8 Ra3+ 53. Kg4 Rg2# 0-1

[Event "*** SCC Grand Prix: Titled Tuesday Blitz"]
[Site "Chess.com"]
[Date "2020.08.25"]
[Round "1"]
[White "Oleksandr_Bortnyk"]
[Black "kleopl"]
[Result "1-0"]
[WhiteElo "2936"]
[BlackElo "2447"]
[TimeControl "180+1"]
[EndTime "10:07:48 PDT"]
[Termination "Oleksandr_Bortnyk won by checkmate"]

1. e4 c6 2. d4 d5 3. Nc3 a6 4.
Nf3 Bg4 5. h3 Bxf3 6. Qxf3 e6 7.
Be3 Nf6 8. e5 Nfd7 9. Qg3 c5 10.
dxc5 Nc6 11. O-O-O Qa5 12. f4 g6 13. Bd2 Qxc5 14. Kb1 Bg7 15. a3 Rc8 16. Bd3 b5 17. h4 b4 18. axb4 Nxb4 19. h5 Qa5 20. hxg6 hxg6 21.
Rxh8+ Bxh8 22. Bxg6 d4 23. Qh3 dxc3 24. Bxc3 Qa2+ 25.
Kc1 Rxc3 26. Qxc3 Nd5 27. Qc8+ Ke7 28. Qxh8 fxg6 29. Rh1 Qa1+ 30. Kd2 Qa5+ 31. c3 Nf8 32.
Qg7+ Ke8 33. Rh8 Qc5 34. Qxg6+ Kd7 35. Qf7+ Kc6 36. Qe8+ Nd7 37. Qc8+ Nc7 38. Rd8 Qf2+ 39. Kc1 Qe1+ 40. Kc2 Qe4+ 41. Kb3 Qd5+ 42. c4 Qd3+ 43.
Kb4 Qd2+ 44. Ka3 Qa5+ 45. Kb3 Nc5+ 46. Kc2 Qa4+ 47. Kd2 Qb4+ 48. Ke3 Qb3+ 49. Ke2 Qxb2+ 50. Kf3 Qb3+ 51. Kg4 Qc2 52. Rd6# 1-0

[Event "*** SCC Grand Prix: Titled Tuesday Blitz"]
[Site "Chess.com"]
[Date "2020.08.25"]
[Round "1"]
[White "Cambek64"]
[Black "murtas73"]
[Result "0-1"]
[WhiteElo "2343"]
[BlackElo "2676"]
[TimeControl "180+1"]
[EndTime "10:07:49 PDT"]
[Termination "murtas73 won on time"]

1. d4 Nf6 2. c4 e6 3. Nc3 Bb4 4.
Qc2 O-O 5. Bg5 d5 6. e3 c5 7. dxc5 Nc6 8. Nf3 Bxc5 9. a3 Be7 10. Bd3 dxc4 11. Bxc4 h6 12. Bh4 b6 13. O-O Bb7 14. Rfd1 Qc8 15. Rac1 Nh5 16. Bxe7 Nxe7 17. Nb5 Bxf3 18.
gxf3 Qc5 19. Qe4 Nf6 20. Qd4 Qxd4 21. Nxd4 Rac8 22. Ba6 Rxc1 23. Rxc1 Nfd5 24. f4 Rd8 25. Nc6 Nxc6 26. Rxc6 Kf8 27. Kf1 Ke7 28. Ke2 Rd6 29.
Rc8 Rd8 30. Rc6 g5 31. Kf3 gxf4 32. e4 Kf6 33. exd5 Rxd5 34. Rc4 e5 35. Bb7 Rd2 36. Rb4 Kg5 37. Rb5 f6 38. h3 Rd3+ 39. Kg2 Kf5 40. Bc8+ Kg5 41. Bb7 Kf5 42. Bc8+ Kg5 43. Bg4 Rd2 44. Bf3 Rc2 45. Rd5 Rxb2 46. Be4 Rb3 47. Rd7 f5 48. Bd5 Rxa3 49. Rg7+ Kf6 50. Rf7+ Kg6 51. Be6 f3+ 0-1

[Event "*** SCC Grand Prix: Titled Tuesday Blitz"]
[Site "Chess.com"]
[Date "2020.08.25"]
[Round "1"]
[White "PattyCastillo"]
[Black "SARGISMV"]
[Result "0-1"]
[WhiteElo "1909"]
[BlackElo "2466"]
[TimeControl "180+1"]
[EndTime "10:07:49 PDT"]
[Termination "SARGISMV won on time"]

1. d4 e6 2. Nf3 c5 3. e3 Nc6 4.
Bd3 Nf6 5. b3 g6 6. Bb2 cxd4 7.
exd4 Bg7 8. O-O O-O 9. Nbd2 d5 10. a3 a6 11. Qe2 Rb8 12. c4 dxc4 13. bxc4 Re8 14.
Rfd1 Qb6 15. Rab1 Qa7 16. c5 Nd5 17. g3 e5 18. Bc4 Be6 19. Ng5 Nxd4 20. Bxd4 exd4 21.
Qf3 Nc3 22. Nxe6 fxe6 23. Rb6 Nxd1 24. Qxd1 Rbc8 25. Rxe6 Kh8 26. Rxe8+ Rxe8 27. Qa4 Re1+ 28. Kg2 Qxc5 29. Qd7 Qc6+ 30. Qxc6 bxc6 31. Bxa6 c5 32. a4 Ra1 33. Bb5 d3 34. Bxd3 Rd1 35. Bb5 Rxd2 36.
Kf3 Bd4 37. Ke4 Rxf2 38. Kd5 Ra2 39. h4 Kg7 40. g4 Kf6 41. h5 gxh5 42. gxh5 h6 43. Kc4 Kg5 44. Be8 Ra1 45. Kb5 Kf4 46.
a5 Ke3 47. a6 Kd3 48. Bg6+ Kc3 49. Be8 c4 50. Bc6 Rb1+ 51. Ka4 Kd3 0-1

[Event "*** SCC Grand Prix: Titled Tuesday Blitz"]
[Site "Chess.com"]
[Date "2020.08.25"]
[Round "1"]
[White "UCantHandleDenker"]
[Black "ARTHURMOTIVATOR"]
[Result "1-0"]
[WhiteElo "2562"]
[BlackElo "2238"]
[TimeControl "180+1"]
[EndTime "10:07:50 PDT"]
[Termination "UCantHandleDenker won by resignation"]

1. Nf3 Nf6 2. g3 g6 3. Bg2 Bg7 4. O-O O-O 5. c4 d6 6. Nc3 e5 7. d3 Nc6 8. Rb1 a5 9. a3 Re8 10. Nd2 Bf5 11. b4 axb4 12. axb4 Qd7 13. b5 Nd8 14.
Nde4 Nh5 15. Nd5 b6 16. Nef6+ Nxf6 17. Nxf6+ Bxf6 18. Bxa8 h5 19. Bg2 h4 20. Bb2 Kg7 21. e4 Bh3 22. f4 Bxg2 23. Kxg2 Ne6 24. f5 Nc5 25. Ba3 Rh8 26. Bxc5 dxc5 27. Qf3 Qe7 28. fxg6 fxg6 29. Rf2 h3+ 30. Kg1 Bg5 31. Rbf1 Kh6 32.
Kh1 Rd8 33. Qg4 Qd7 34. Qxd7 Rxd7 35. Rf3 Bd2 36. g4 Kg5 37. Rxh3 Bf4 38. Rhf3 Kxg4 39. Kg2 g5 40. h3+ Kh5 41. Ra1 Rd8 42. Ra7 Rd7 43.
Rb7 g4 44. hxg4+ Kxg4 45. Rf1 Rg7 46. Kf2 Kh3 47. Ke2 Rg2+ 48. Rf2 Rg3 49. Rf3 Kg2 50. Rxg3+ Bxg3 51. Rxc7 Kh3 52. Rc6 1-0

[Event "*** SCC Grand Prix: Titled Tuesday Blitz"]
[Site "Chess.com"]
[Date "2020.08.25"]
[Round "1"]
[White "shineatchess"]
[Black "Fh2411"]
[Result "0-1"]
[WhiteElo "2212"]
[BlackElo "2540"]
[TimeControl "180+1"]
[EndTime "10:07:50 PDT"]
[Termination "Fh2411 won by resignation"]

1. e4 c5 2. d4 cxd4 3. c3 d5 4. exd5 Qxd5 5. cxd4 Nc6 6. Nf3 e6 7. Nc3 Qd8 8. Bd3 Nf6 9. O-O Be7 10. Bg5 O-O 11. Rc1 Nb4 12. Bb1 Bd7 13. Ne5 Bc6 14.
a3 Nbd5 15. Nxc6 bxc6 16. Qd3 g6 17. h4 Rb8 18. b4 a5 19. Nxd5 cxd5 20. b5 a4 21.
Bxf6 Bxf6 22. Rc6 Qa5 23. Qf3 Bxd4 24. h5 Qxb5 25. Rcc1 Qb2 26. hxg6 hxg6 27. Qg4 Bxf2+ 28. Kh1 Qh8+ 29. Qh3 Qxh3+ 30. gxh3 Be3 31. Rce1 d4 32. Kg2 Rb3 33. Rf3 Rxa3 34. Ref1 Kg7 35.
Kg3 f5 36. h4 e5 37. Kg2 e4 38.
Bxe4 Ra2+ 39. Kh1 a3 40. Bd3 Rh8 41. Rh3 Rh6 42. Bc4 Rc2 43. Bb3 Rb2 44. Be6 a2 45. Ra1 Rb1+ 0-1

[Event "*** SCC Grand Prix: Titled Tuesday Blitz"]
[Site "Chess.com"]
[Date "2020.08.25"]
[Round "1"]
[White "denispopov"]
[Black "maximnovik"]
[Result "0-1"]
[WhiteElo "1868"]
[BlackElo "2459"]
[TimeControl "180+1"]
[EndTime "10:07:50 PDT"]
[Termination "maximnovik won by checkmate"]

1. e4 c6 2. Nf3 d5 3. Nc3 Bg4 4.
h3 Bxf3 5. Qxf3 e6 6. Be2 Nf6 7. O-O Be7 8. Rd1 O-O 9. d4 dxe4 10. Nxe4 Nxe4 11. Qxe4 Nd7 12. c3 Nf6 13. Qc2 Qc7 14. Bg5 Rfd8 15. Bd3 g6 16. Bxf6 Bxf6 17. Be4 Kg7 18. Rd2 Rd6 19. Rad1 Rad8 20. Bf3 Qd7 21. Qe4 b6 22. a4 c5 23. d5 e5 24. c4 Re8 25. b3 Bd8 26. Qc2 f5 27. Qb2 Bf6 28. Be2 h5 29. Qc2 h4 30. Re1 e4 31. Bf1 Qe7 32. Rde2 Bd4 33. Kh1 Qg5 34. Qc1 Qf6 35.
Qf4 Rd7 36. g3 Rh8 37. g4 Be5 38. Qe3 Re7 39. gxf5 gxf5 40. f4 Bd4 41. Qd2 Kf8 42. Rg2 Rg8 43. Rg5 Reg7 44. Rxg7 Qxg7 45. Bg2 Qg3 46. d6 Ke8 47. b4 Kd7 48. bxc5 Bxc5 49. Qe2 Qxf4 50. Qb2 Bxd6 51. Qb5+ Kc7 52. Qb2 Qh2# 0-1

[Event "*** SCC Grand Prix: Titled Tuesday Blitz"]
[Site "Chess.com"]
[Date "2020.08.25"]
[Round "1"]
[White "Maksimus1998"]
[Black "BikingBrian"]
[Result "1-0"]
[WhiteElo "2602"]
[BlackElo "2269"]
[TimeControl "180+1"]
[EndTime "10:07:51 PDT"]
[Termination "Maksimus1998 won by checkmate"]

1. e4 c5 2. Nf3 g6 3. c3 Bg7 4.
d4 cxd4 5. cxd4 d5 6. exd5 Nf6 7. Bb5+ Nbd7 8. Nc3 O-O 9. O-O Nb6 10. Re1 Nbxd5 11.
Ne5 a6 12. Bc4 Be6 13. Bb3 Qc7 14. Bd2 Nxc3 15. bxc3 Bxb3 16. axb3 e6 17. Qf3 b5 18. Qc6 Qxc6 19. Nxc6 Kh8 20. Ra5 Rfc8 21. Ne5 Nd5 22. c4 bxc4 23. bxc4 Bxe5 24. cxd5 Bxd4 25. dxe6 fxe6 26.
Rxe6 Bc3 27. Bxc3+ Rxc3 28. g3 Rf8 29. Raxa6 Rc1+ 30. Kg2 Rc2 31. Rf6 Rxf6 32. Rxf6 Kg7 33. Rf4 h5 34. h4 Rc3 35. Rf3 Rc4 36. Re3 Rb4 37. Kf3 Rc4 38. Re4 Rc2 39. Ke3 Rb2 40. f3 Rb3+ 41.
Kf4 Rb5 42. Re5 Rb3 43. Ra5 Rc3 44. Ke4 Rb3 45. Rg5 Kf6 46. f4 Rb4+ 47. Kf3 Rb3+ 48. Kg2 Ra3 49. Rb5 Rc3 50. Rg5 Rb3 51. f5 gxf5 52. Rxh5 Rb2+ 53. Kh3 Rb3 54. Kg2 Rb2+ 55. Kf3 Rb3+ 56. Kf2 Rb2+ 57. Kf1 Rb3 58. Rg5 f4 59. g4 Rh3 60. Rf5+ Kg6 61. h5+ Kh6 62. Kf2 Rg3 63. Rxf4 Rb3 64. Rf3 Rb2+ 65. Kg3 Rb4 66. Rf6+ Kg5 67. Rg6# 1-0

[Event "*** SCC Grand Prix: Titled Tuesday Blitz"]
[Site "Chess.com"]
[Date "2020.08.25"]
[Round "1"]
[White "Firouzja2003"]
[Black "elohunter1999"]
[Result "1-0"]
[WhiteElo "2994"]
[BlackElo "2449"]
[TimeControl "180+1"]
[EndTime "10:07:52 PDT"]
[Termination "Firouzja2003 won by resignation"]

1. e4 e5 2. Nf3 Nc6 3. Bb5 a6 4. Ba4 Nf6 5. O-O Be7 6. Re1 b5 7. Bb3 d6 8. c3 O-O 9. h3 Bb7 10. d4 Nd7 11. Nbd2 exd4 12. cxd4 Re8 13. Nf1 Na5 14. Bc2 Bf6 15. N1h2 c5 16. Ng4 Bxd4 17.
Nxd4 cxd4 18. Qxd4 Rc8 19. Ne3 Nf6 20. f3 d5 21. exd5 Nxd5 22. Bf5 Ne7 23. Qxd8 Rcxd8 24. Bc2 Nd5 25. Bd2 Nxe3 26. Bxe3 Nc4 27. Bd4 f6 28.
Bc3 Ne3 29. Bb3+ Bd5 30. Ba5 Rd7 31. Rac1 Bxb3 32. axb3 Kf7 33. Rc6 Rd1 34. Rxd1 Nxd1 35. Rd6 Nxb2 36. Rd2 Re1+ 37. Kf2 Rb1 38. Ke2 b4 39. Bb6 a5 40. Bd4 a4 41. Rxb2 Rxb2+ 42. Bxb2 axb3 43. Kd3 Ke6 44. Kc4 Kf5 45. g3 h5 46. Bc1 h4 47. g4+ Ke5 48. Kd3 b2 49. f4+ Kd5 50. Bxb2 g6 51. Bxf6 1-0

[Event "*** SCC Grand Prix: Titled Tuesday Blitz"]
[Site "Chess.com"]
[Date "2020.08.25"]
[Round "1"]
[White "The_Machine04"]
[Black "Violord"]
[Result "0-1"]
[WhiteElo "2288"]
[BlackElo "2623"]
[TimeControl "180+1"]
[EndTime "10:07:53 PDT"]
[Termination "Violord won on time"]

1. d4 Nf6 2. Bg5 Ne4 3. Bf4 d5 4. e3 c5 5. Bd3 cxd4 6. exd4 Nc6 7. Bxe4 dxe4 8. Ne2 Bg4 9. Nbc3 e6 10. d5 exd5 11. Qxd5 Qxd5 12. Nxd5 O-O-O 13. Ne3 Bxe2 14. Kxe2 Nd4+ 15. Ke1 Ne6 16. Bg3 h5 17. h3 h4 18.
Bh2 g6 19. Be5 Rh5 20. Bf6 Rd7 21. Rd1 Bb4+ 22. c3 Bc5 23. Rxd7 Kxd7 24. Kd2 Nf4 25. Rd1 Ke6 26. Bd4 Bxd4 27. cxd4 Rg5 28. Rg1 Nxh3 29. Rh1 Nxf2 30. Rxh4 f5 31. d5+ Kd6 32. Kc3 Rg3 33. Kd4 b5 34. a4 Nd1 35. Nxf5+ gxf5 36.
Rh6+ Ke7 37. Ke5 e3 38. Rh7+ Kf8 39. Kf6 Kg8 40. Re7 f4 41. d6 Kf8 42. Re4 Rg7 43.
Rxf4 Rf7+ 44. Ke6 Rxf4 45. d7 Rd4 0-1

[Event "*** SCC Grand Prix: Titled Tuesday Blitz"]
[Site "Chess.com"]
[Date "2020.08.25"]
[Round "1"]
[White "novocane"]
[Black "MomchilPetkov"]
[Result "1-0"]
[WhiteElo "2261"]
[BlackElo "2551"]
[TimeControl "180+1"]
[EndTime "10:07:53 PDT"]
[Termination "novocane won on time"]

1. d4 Nf6 2. c4 e6 3. Nc3 Bb4 4. e3 O-O 5. Ne2 Re8 6. a3 Bf8 7. e4 d6 8. f3 e5 9. d5 Nh5 10. Be3 Nd7 11. g4 Nf4 12. Nxf4 exf4 13. Bxf4 Ne5 14. Be2 h5 15. g5 Be7 16. h4 f6 17. Qd2 Rf8 18. Bxe5 fxe5 19. O-O-O c5 20. f4 Rxf4 21. Bxh5 Rxh4 22. Rxh4 Bxg5 23. Rdh1 Bxd2+ 24.
Kxd2 Qg5+ 25. Kc2 Bd7 26. Kb3 Kf8 27. Bg4 Ke7 28. Bxd7 Kxd7 29. Rh7 Rf8 30. R1h5 Qg6 31. Rh1 Rf7 32. Rh8 a6 33. Rg8 Kc7 34. Rhh8 Kb6 35. a4 Qg2 36. Rd8 Qg1 37. Rxd6+ Ka7 38. Rdd8 Qe1 39.
a5 b6 40. Ra8+ Kb7 41. Rhb8+ Kc7 42. Rxb6 1-0